 Dungeon Crawl Stone Soup version 0.21.1-1-g345015fe64 (webtiles) character file.

26 Kohma the Stinger (level 2, -3/13 HPs)
             Began as a Spriggan Venom Mage on June 25, 2018.
             Slain by a worm (9 damage)
             ... on level 1 of the Dungeon.
             The game lasted 00:05:38 (2231 turns).

Kohma the Stinger (Spriggan Venom Mage)             Turns: 2231, Time: 00:05:38

Health: -3/13      AC:  2    Str:  4    XL:     2   Next: 89%
Magic:  1/7        EV: 18    Int: 16    God:
Gold:   68         SH:  0    Dex: 16    Spells: 4/7 levels left

rFire    . . .     SeeInvis +   j - +0 dagger
rCold    . . .     Gourm    .   (shield restricted)
rNeg     . . .     Faith    .   a - +0 robe
rPois    .         Spirit   .   (helmet restricted)
rElec    .         Reflect  .   (no cloak)
rCorr    .         Harm     .   (gloves unavailable)
MR       .....                  (boots unavailable)
Stlth    ++........             (no amulet)
HPRegen  0.04/turn              (no ring)
MPRegen  0.10/turn              (no ring)

@: very quick
A: very small, unfitting armour, see invisible, herbivore, speed 3, slow
metabolism 2
a: no special abilities


You were on level 1 of the Dungeon.
You were not hungry.

You visited 1 branch of the dungeon, and saw 2 of its levels.

You collected 68 gold pieces.

Inventory:

Hand Weapons
 j - a +0 dagger (weapon)
Missiles
 f - 39 stones (quivered)
Armour
 a - a +0 robe (worn)
Scrolls
 d - a scroll of blinking {unknown}
 e - a scroll of noise {unknown}
 g - 2 scrolls of identify {unknown}
 i - a scroll of random uselessness {unknown}
Potions
 h - a potion of curing {unknown}
Books
 b - a Young Poisoner's Handbook

   Spells                             Type                      Level
   a - Sting                          Conjuration/Poison           1
   b - Poisonous Vapours              Poison/Air                   2
   c - Mephitic Cloud                 Conjuration/Poison/Air       3
   d - Olgreb's Toxic Radiance        Poison                       4
   e - Venom Bolt                     Conjuration/Poison           5
Comestibles
 c - 2 rations


   Skills:
 - Level 3.0 Dodging
 - Level 3.0 Stealth
 + Level 3.3 Spellcasting
 + Level 1.3 Conjurations
 + Level 3.4 Poison Magic


You had 4 spell levels left.
You knew the following spells:

 Your Spells              Type           Power        Failure   Level  Hunger
a - Sting                 Conj/Pois      ##..         7%          1    None
b - Poisonous Vapours     Pois/Air       #.....       14%         2    ##.....


Dungeon Overview and Level Annotations

Branches:
Dungeon (2/15)

Altars:


Innate Abilities, Weirdness & Mutations

You are very small and have problems with some larger weapons.
You are too small for most types of armour.
You have supernaturally acute eyesight. (SInv)
You are a herbivore.
You cover ground extremely quickly.
You need consume almost no food.


Message History

You hit the worm.
The worm is severely wounded.
Casting: Poisonous Vapours
Confirm with . or Enter, or press ? or * to list all spells.
Aiming: Sting
Press: ? - help, Shift-Dir - straight line, f/p - worm
Aim: a worm (severely wounded)
The sting hits the worm.
The worm is poisoned.
The worm is severely wounded.
The worm bites you.
You hit the worm but do no damage.
The worm is severely wounded.
The worm barely misses you.
You hit the worm but do no damage.
The worm is severely wounded.
You hit the worm but do no damage.
The worm is almost dead.
The worm bites you!
Ouch! That really hurt!
You die...

########.#.#### #####.#.########
#......# #.....#.#...# #......#
#.#####†###.# #......# #.#.....#
#.#### #.#.#### #.#.##### #.....
#.#.#######.#.# ######
#.#.........#.#####
########.##.......##.#...########
...............w@.'......'.......
...########.......##.#...########
...## #####.####.##.## >w..## #.#
#.##.# ## .....#
####'####.##.########. ...#.#
#......##...........#' ...#.##
#......#####.######...
...#..######......# #............
...##.#...........###.#.###.##...


You could see a worm.

Vanquished Creatures
  An ooze (D:1)
  3 dart slugs (D:1)
  A giant cockroach (D:1)
  3 hobgoblins (D:1)
  A bat (D:1)
  2 goblins (D:1)
  2 kobolds (D:1)
  4 rats (D:1)
17 creatures vanquished.

Notes
Turn   | Place    | Note
-------+----------+-------------------------------------------
     0 | D:1      | Kohma the Spriggan Venom Mage began the quest for the Orb.
     0 | D:1      | Reached XP level 1. HP: 9/9 MP: 5/5
   394 | D:1      | Reached skill level 1 in Conjurations
   782 | D:1      | Reached XP level 2. HP: 7/13 MP: 0/7
   786 | D:1      | Learned a level 2 spell: Poisonous Vapours
  2231 | D:1      | Slain by a worm

Skill      XL: |  1 |
---------------+----+-----
Spellcasting   | 3 |  3.3
Conjurations   | 1 |  1.3
Dodging        | |  3.0
Stealth        | |  3.0
Poison Magic   | |  3.4

Action                   || total
-------------------------++-------
Melee: Unarmed           ||    31
       Dagger            ||    11
Throw: Stone             ||    24
 Cast: Sting             ||    72
       Poisonous Vapours ||     3
Armor: Robe              ||     3
Dodge: Dodged            ||    55
